 Dungeon Crawl Stone Soup version 0.29-a0-284-gf9362112df (webtiles) character file.

Game seed: 9631371885834769962

16 sanka the Ducker (level 2, 29/29 HPs)
             Began as a Gnoll Monk on Mar 14, 2022.
             Was a Plaything of Xom.
             Quit the game on level 1 of the Dungeon.
             The game lasted 00:00:36 (435 turns).

sanka the Ducker (Gnoll Monk)                        Turns: 435, Time: 00:00:36

Health: 29/29      AC:  3    Str: 10    XL:     2   Next: 54%
Magic:  2/2        EV: 15    Int:  9    God:    Xom [..*...]
Gold:   37         SH:  0    Dex: 14    Spells: 1/1 levels left

rFire   . . .      SeeInvis .   a - +0 hand axe
rCold   . . .      Faith    .   (no shield)
rNeg    . . .      Spirit   .   b - +0 robe
rPois   .          Reflect  .   i - +0 helmet
rElec   .          Harm     .   (no cloak)
rCorr   .          Rampage  .   (no gloves)
Will    .....                   (no boots)
Stlth   +++.......              (no amulet)
HPRegen 0.09/turn               (no ring)
MPRegen 0.08/turn               (no ring)

@: no status effects
A: fangs 1, strong nose, distributed training
a: Renounce Religion


You were on level 1 of the Dungeon.
You worshipped Xom.
You were a toy of Xom.
You visited 1 branch of the dungeon, and saw 1 of its levels.

You collected 37 gold pieces.


Innate Abilities, Weirdness & Mutations

You have very sharp teeth.
Your uncanny sense of smell can sniff out nearby items.
Your experience applies equally to all skills.


   Skills:
 + Level 6.5 Fighting
 + Level 0.4 Short Blades
 + Level 0.4 Long Blades
 + Level 6.5 Axes
 + Level 0.4 Maces & Flails
 + Level 0.4 Polearms
 + Level 0.4 Staves
 + Level 0.4 Slings
 + Level 0.4 Bows
 + Level 0.4 Crossbows
 + Level 0.4 Throwing
 + Level 0.4 Armour
 + Level 6.5 Dodging
 + Level 4.1 Stealth
 + Level 0.4 Shields
 + Level 0.4 Unarmed Combat
 + Level 0.4 Spellcasting
 + Level 0.2 Conjurations
 + Level 0.2 Hexes
 + Level 0.2 Summonings
 + Level 0.2 Necromancy
 + Level 0.2 Translocations
 + Level 0.2 Transmutations
 + Level 0.2 Fire Magic
 + Level 0.2 Ice Magic
 + Level 0.2 Air Magic
 + Level 0.2 Earth Magic
 + Level 0.2 Poison Magic
 + Level 0.5 Invocations
 + Level 0.4 Evocations


You had one spell level left.
You didn't know any spells.
Your spell library was empty.

Inventory:

Hand Weapons
 a - a +0 hand axe (weapon)
Armour
 b - a +0 robe (worn)
 i - a +0 helmet (worn)
Magical Staves
 g - a staff of fire
Scrolls
 e - a scroll of teleportation {unknown}
 f - 2 scrolls of identify {unknown}
Potions
 c - a potion of ambrosia
 d - a potion of heal wounds {unknown}
 h - 2 potions of degeneration {unknown}

Dungeon Overview and Level Annotations

Branches:
Dungeon (1/15)

Altars:
Xom ▒▒▒▒▒▒ ▒▒▒▒ ▒....▒▒ PPPP▒

▒▒▒.....▒▒▒.PPPP▒
▒.'P..P..gPPPP.P+
▒.▒P..?.▒▒▒PPPPP▒
▒▒▒▒▒▒▒▒.▒....▒▒


.PPP▒ .........▒▒▒▒▒▒ ▒▒▒▒ ▒▒▒▒▒▒.▒▒▒ ▒ ▒.▒ ▒▒▒ ▒.▒ ..▒ ▒.▒ ∆ ▒.▒ ▒.▒ There were
no monsters in sight!


Message History

A rat comes into view.
A rat is nearby!
A rat is nearby!
The rat closely misses you.
You closely miss the rat. The rat misses you.
You barely miss the rat. The rat barely misses you.
You hit the rat.
The rat is moderately wounded.
The rat misses you.
You slash the rat!
You kill the rat!
No target in view!
No target in view!
No target in view!
Found 6 gold pieces.
Found 14 gold pieces.
You now have 31 gold pieces (gained 14).
You now have 37 gold pieces (gained 6).
You open the door.
Found a scroll labelled INAERI SAEN.
Found a faded altar of an unknown god.
There is an open door here.
There is a faded altar of an unknown god here.
You cannot tell which god this altar belongs to.
Convert to them anyway?
Xom accepts your prayer! Xom welcomes you!
Xom is fascinated!
Are you sure you want to abandon this character and quit the game? (Confirm with "yes".)

Action                   || total
-------------------------++-------
Melee: Hand axe          ||    26
       Bite              ||     4
       Punch             ||     1
 Stab: Sleeping          ||     2
Dodge: Dodged            ||    17

Levels and vault maps discovered:
D:1:      nicolae_arrival_kraken_aquarium_a, layout_loops_ring,
          shapermc_ecumenical_altar_flowoftime, minmay_misc_feat_five

Notes
Turn   | Place    | Note
-------+----------+-------------------------------------------
     0 | D:1      | sanka the Gnoll Monk began the quest for the Orb.
     0 | D:1      | Reached XP level 1. HP: 23/23 MP: 1/1
     0 | D:1      | Noticed an ogre
     0 | D:1      | Noticed a demonspawn
     0 | D:1      | Noticed a dwarf
     0 | D:1      | Noticed a human
     0 | D:1      | Noticed a formicid
     0 | D:1      | Noticed a draconian
     0 | D:1      | Noticed a kraken
     0 | D:1      | Noticed a demonspawn
     0 | D:1      | Noticed a ghoul
     0 | D:1      | Noticed a vampire
     0 | D:1      | Noticed a ghoul
     0 | D:1      | Noticed a naga
     9 | D:1      | Killed a kraken
   148 | D:1      | Reached XP level 2. HP: 29/29 MP: 2/2
   426 | D:1      | Found a faded altar of an unknown god.
   434 | D:1      | Prayed at the altar of an unknown god.
   434 | D:1      | Became a worshipper of Xom of Chaos
   435 | D:1      | Quit the game

Vanquished Creatures
  3 dart slugs (D:1)
  2 endoplasms (D:1)
  A kobold (D:1)
  A bat (D:1)
  4 rats (D:1)
11 creatures vanquished.

Vanquished Creatures (others)
  A kraken (D:1)
  An orc (D:1)
  6 tentacles (D:1)
8 creatures vanquished.

Grand Total: 19 creatures vanquished
